 Dungeon Crawl Stone Soup version 0.21.0-3-g78d12a8 (webtiles) character file.

489 tidbits the Sneak (level 6, 0/25 HPs)
             Began as a Felid Air Elementalist on Jan 8, 2018.
             Was a Believer of Uskayaw.
             Slain by a spriggan baker
             ... wielding a cursed -2 dagger
              (6 damage)
             ... on level 7 of the Dungeon.
             The game lasted 00:21:31 (2523 turns).

tidbits the Sneak (Felid Air Elementalist)          Turns: 2523, Time: 00:21:31

Health: 0/25       AC:  2    Str:  6    XL:     6   Next: 90%
Magic:  16/19      EV: 23    Int: 17    God:    Uskayaw [**....]
Gold:   122        SH:  0    Dex: 21    Spells: 8/9 levels left
                                        Lives:  0   Deaths: 1

rFire    + . .     SeeInvis +     - Unarmed
rCold    . . .     Gourm    .   (shield unavailable)
rNeg     . . .     Faith    .   (armour unavailable)
rPois    .         Spirit   .   (helmet unavailable)
rElec    +         Reflect  .   (cloak unavailable)
rCorr    .         Harm     .   (gloves unavailable)
MR       .....                  (boots unavailable)
Stlth    +++++.....             (no amulet)
HPRegen  0.08/turn              c - ring of protection from fire
MPRegen  0.16/turn              t - ring "Ufriapn" {+Fly rElec MR- MP+9}

@: agile, quick
A: very small, no armour, no weapons or thrown items, stealth, claws 1, fangs 3,
see invisible, carnivore, speed 1, shaggy fur 2, slow metabolism 1, sharp paws
a: Stomp, Line Pass, Renounce Religion, Evoke Flight


You were on level 7 of the Dungeon.
You worshipped Uskayaw.
Uskayaw was noncommittal.
You were not hungry.

You visited 1 branch of the dungeon, and saw 8 of its levels.

You collected 284 gold pieces.
You spent 162 gold pieces at shops.

Inventory:

Missiles
 d - 64 arrows
Jewellery
 c - a ring of protection from fire (left paw)
   (You found it on level 1 of the Dungeon)
 t - the ring "Ufriapn" (right paw) {+Fly rElec MR- MP+9}
   (You found it on level 6 of the Dungeon)

   [ring of flight]

   It insulates you from electricity.
   It affects your resistance to hostile enchantments.
   It affects your magic capacity (+9).
   It lets you fly.
Scrolls
 e - a scroll of fear
 f - a scroll of enchant armour
 g - 2 scrolls of magic mapping
 h - a scroll of amnesia {unknown}
 j - a scroll of random uselessness {unknown}
 k - a scroll of enchant weapon
 l - 2 scrolls of teleportation
 o - 3 scrolls of fog {unknown}
 r - 4 scrolls of remove curse
Potions
 m - 2 potions of flight
 n - a potion of lignification
 p - a potion of resistance
 q - a potion of magic
 s - 2 potions of haste
Books
 a - a book of Air

   Spells                             Type                      Level
   a - Shock                          Conjuration/Air              1
   b - Swiftness                      Charms/Air                   2
   c - Static Discharge               Conjuration/Air              3
   d - Airstrike                      Air                          4
   e - Lightning Bolt                 Conjuration/Air              5
Comestibles
 b - 8 rations


   Skills:
 + Level 1.3 Fighting
 - Level 2.6 Dodging
 + Level 6.7 Stealth
 * Level 5.4 Unarmed Combat
 - Level 2.0 Spellcasting
 - Level 0.8 Conjurations
 - Level 2.6 Air Magic
 + Level 3.1 Invocations


You had 8 spell levels left.
You knew the following spells:

 Your Spells              Type           Power        Failure   Level  Hunger
a - Shock                 Conj/Air       #...         10%         1    #......


Dungeon Overview and Level Annotations

Branches:
Dungeon (8/15)             Temple (0/1) D:7
   Lair: D:8-11

Altars:
Gozag
Hepliaklqana
Qazlal
Trog
Uskayaw
Yredelemnul
The Shining One

Shops:
D:7 *

Annotations:
D:2 Jessica
D:4 exclusion: two-headed ogre, feelmyfire's ghost, amateur DsAK
D:5 exclusion: slave, Blork the orc; Pikel
D:6 exclusion: upstairs
D:7 Prince Ribbit


Innate Abilities, Weirdness & Mutations

You cannot wear armour.
You are incapable of wielding weapons or throwing items.
Your paws allow you to move quietly. (Stealth)
You have sharp claws.
You have razor-sharp teeth.
You have supernaturally acute eyesight. (SInv)
You are carnivorous and can eat meat at any time.
You cover ground quickly.
You are covered in thick fur. (AC +2)
You have a slow metabolism.
Your sharp claws are effective at attacking unaware monsters.


Message History

The crimson imp is heavily wounded.
The crimson imp closely misses you.
You scratch the crimson imp.
The crimson imp is almost dead.
Uskayaw will force your foes to helplessly watch your dance.
Uskayaw prepares the audience for your solo!
You pounce on the unaware helpless crimson imp!
You mangle the crimson imp!!
You kill the crimson imp!
There is a stone staircase leading down here.
You climb downwards.
An ice beast comes into view.
Found a scroll of identify.
There is a stone staircase leading up here.
The helpless ice beast fails to defend itself.
You mangle the ice beast!!
You kill the ice beast!
Your Unarmed Combat skill increases to level 5!
Welcome back to level 6!
Uskayaw will force your foes to helplessly watch your dance.
You see here a scroll of identify.
As you read the scroll of identify, it crumbles to dust.
q - a potion of magic A hound comes into view.
You can no longer pass through a line of other dancers.
The helpless hound fails to defend itself.
You mangle the hound!!
You kill the hound!
You can now pass through a line of other dancers.
You can no longer pass through a line of other dancers.
A water moccasin comes into view.
An iguana comes into view.
The helpless water moccasin fails to defend itself.
You eviscerate the water moccasin!!!
You kill the water moccasin!
Your Fighting skill increases to level 1!
Your Invocations skill increases to level 3!
You can now pass through a line of other dancers.
You see here a water moccasin corpse.
You pounce on the unaware helpless iguana!
You eviscerate the iguana!!!
You kill the iguana!
You see here an iguana corpse.
Found a robe.
You can no longer pass through a line of other dancers.
Found a stone staircase leading up.
You see here a robe.
There is a stone staircase leading up here.
HP restored.
You climb upwards.
Level annotation: Prince Ribbit
Found 19 gold pieces.
There is a stone staircase leading down here.
You see here 19 gold pieces.
You now have 108 gold pieces (gained 19).
Found a club.
Found 14 gold pieces.
Found a ration.
You see here 14 gold pieces.
You now have 122 gold pieces (gained 14).
You open the door.
A spriggan baker comes into view. It is wielding a dagger.
The spriggan baker hits you with a dagger.
Found 4 rations.
Okay, then.
Adjust (i)tems, (s)pells, or (a)bilities?
Adjust which spell?
Okay, then.
Casting: Shock
Confirm with . or Enter, or press ? or * to list all spells.
Aiming: Shock
Press: ? - help, Shift-Dir - straight line The zap hits the spriggan baker.
The spriggan baker is lightly wounded.
The zap hits the spriggan baker.
The spriggan baker is lightly wounded.
The spriggan baker barely misses you.
Casting: Shock
Confirm with . or Enter, or press ? or * to list all spells.
Aiming: Shock
Press: ? - help, Shift-Dir - straight line The zap misses the spriggan baker.
The zap hits the spriggan baker.
The spriggan baker is moderately wounded.
The spriggan baker hits you with a dagger!
* * * LOW HITPOINT WARNING * * *
Okay, then.
Casting: Shock
Confirm with . or Enter, or press ? or * to list all spells.
Aiming: Shock
Press: ? - help, Shift-Dir - straight line The zap hits the spriggan baker.
The spriggan baker is moderately wounded.
The zap hits the spriggan baker.
The spriggan baker is heavily wounded.
The spriggan baker hits you with a dagger.
* * * LOW HITPOINT WARNING * * *
You can now pass through a line of other dancers.
You feel agile all of a sudden.
The spriggan baker hits you with a dagger.
You die...

....... %...# #
.....##..... ##.
............. ## ...
##...........# #.
#.##............# #.
#................. #.
##.......###..#....##.
#........##...##......
#####@##...)..##....#.
#%..i.###.........###.
#%#.#.# ##..#....# ##
###.# #..#...## # ###
#..#....# # ## #....#
# #.#####...## #
#.......## ##.......#


You could see a spriggan baker.

Vanquished Creatures
  A water moccasin (D:8)
  An ice beast (D:8)
  A centaur (D:6)
  An ogre (D:6)
  A crimson imp (D:7)
  2 hounds
  A gnoll shaman (D:5)
  An iguana (D:8)
  2 worker ants
  2 gnolls (D:5)
  5 adders
  2 oozes
  An adder skeleton (D:6)
  A dart slug (D:1)
  3 leopard geckos
  9 orcs
  3 giant cockroaches
  7 goblins
  3 hobgoblins
  A ball python (D:2)
  4 bats
  3 frilled lizards
  3 kobolds
  A leopard gecko skeleton (D:4)
  6 rats
65 creatures vanquished.

Notes
Turn   | Place    | Note
-------+----------+-------------------------------------------
     0 | D:1      | tidbits the Felid Air Elementalist began the quest for the Orb.
     0 | D:1      | Reached XP level 1. HP: 7/7 MP: 4/4
    78 | D:1      | Reached skill level 3 in Stealth
   147 | D:2      | Found a hide-covered altar of Uskayaw.
   147 | D:2      | Found a hazy altar of Hepliaklqana.
   157 | D:2      | Found a basalt altar of Yredelemnul.
   159 | D:2      | Found a faded altar of an unknown god.
   160 | D:2      | Found an opulent altar of Gozag.
   170 | D:2      | Became a worshipper of Uskayaw the Reveler
   277 | D:2      | Reached * piety under Uskayaw
   292 | D:2      | Reached skill level 1 in Unarmed Combat
   292 | D:2      | Reached XP level 2. HP: 9/11 MP: 4/6
   292 | D:2      | Reached ** piety under Uskayaw
   355 | D:2      | Noticed Jessica
   401 | D:3      | Reached skill level 4 in Stealth
   430 | D:3      | Reached XP level 3. HP: 11/14 MP: 0/7
   503 | D:3      | Reached skill level 2 in Unarmed Combat
   577 | D:3      | Noticed an ice beast
   616 | D:3      | Found a glowing golden altar of the Shining One.
   743 | D:3      | Found a faded altar of an unknown god.
   939 | D:5      | Entered Level 5 of the Dungeon
   959 | D:5      | Noticed Blork the orc
   959 | D:5      | Noticed Pikel
   959 | D:5      | Noticed a slave
  1030 | D:5      | Reached *** piety under Uskayaw
  1035 | D:5      | Reached **** piety under Uskayaw
  1051 | D:5      | Reached XP level 4. HP: 16/18 MP: 3/8
  1051 | D:5      | Reached ***** piety under Uskayaw
  1057 | D:5      | Reached skill level 5 in Stealth
  1057 | D:5      | Reached skill level 3 in Unarmed Combat
  1134 | D:4      | Noticed feelmyfire's ghost (amateur DsAK)
  1238 | D:4      | Noticed a two-headed ogre
  1325 | D:2      | Found a stormy altar of Qazlal.
  1423 | D:2      | Reached skill level 1 in Invocations
  1626 | D:1      | Reached XP level 5. HP: 12/21 MP: 4/9
  2010 | D:5      | Noticed a centaur
  2034 | D:6      | Noticed an ogre
  2054 | D:6      | Killed an ogre
  2054 | D:6      | Reached skill level 4 in Unarmed Combat
  2054 | D:6      | Reached skill level 2 in Invocations
  2054 | D:6      | Gained mutation: You are covered in thick fur. (AC +2) [Felid growth]
  2054 | D:6      | Reached XP level 6. HP: 21/24 MP: 4/10
  2086 | D:6      | Reached skill level 6 in Stealth
  2124 | D:5      | Noticed a slave
  2124 | D:5      | Noticed a slave
  2124 | D:5      | Noticed a slave
  2153 | D:7      | Found a bloodstained altar of Trog.
  2153 | D:7      | Noticed Prince Ribbit
  2183 | D:6      | Got a steaming jade ring
  2184 | D:6      | Identified the ring "Ufriapn" {+Fly rElec MR- MP+9} (You found it on level 6 of the Dungeon)
  2215 | D:7      | Noticed an ice beast
  2285 | D:7      | Found Guanomah's General Store.
  2289 | D:7      | Bought a scroll of magic mapping for 42 gold pieces
  2289 | D:7      | Bought a potion of haste for 120 gold pieces
  2316 | D:7      | HP: 2/24 [worker ant (7)]
  2318 | D:7      | Succumbed to a worker ant's poison
  2319 | D:7      | Reached XP level 5. HP: 0/21 MP: 18/18
  2383 | D:7      | Found a staircase to the Ecumenical Temple.
  2434 | D:8      | Noticed an ice beast
  2436 | D:8      | Killed an ice beast
  2436 | D:8      | Reached skill level 5 in Unarmed Combat
  2436 | D:8      | Reached XP level 6. HP: 20/25 MP: 10/10
  2473 | D:8      | Noticed a water moccasin
  2480 | D:8      | Killed a water moccasin
  2480 | D:8      | Reached skill level 1 in Fighting
  2480 | D:8      | Reached skill level 3 in Invocations
  2519 | D:7      | Noticed a spriggan baker
  2523 | D:7      | Slain by a spriggan baker

Skill      XL: |  1  2  3  4  5  6 |
---------------+-------------------+-----
Stealth        | 3 4 5 6 |  6.7
Unarmed Combat | 1 2 3 5 |  5.4
Invocations    | 1 2 3 |  3.1
Fighting       | 1 |  1.3
Dodging        | |  2.6
Spellcasting   | |  2.0
Conjurations   | |  0.8
Air Magic      | |  2.6

Action                   |  1- 3 |  4- 6 || total
-------------------------+-------+-------++-------
Melee: Unarmed           |    34 |    81 ||   115
       Bite              |     2 |     4 ||     6
       Punch             |       |     1 ||     1
 Cast: Shock             |    39 |    39 ||    78
  Use: Potion            |     2 |     4 ||     6
       Scroll            |       |     9 ||     9
 Stab: Sleeping          |     6 |    14 ||    20
       Paralysed         |       |     2 ||     2
       Distracted        |       |     1 ||     1
  Eat: Chunk             |     7 |     3 ||    10
Armor: Skin              |     8 |    19 ||    27
Dodge: Dodged            |    44 |    96 ||   140

Table legend:
 A = Turns spent in this place as a percentage of turns spent in the entire game.
 B = Non-inter-level travel turns spent in this place as a percentage of non-inter-level travel turns spent in the entire game.
 C = Inter-level travel turns spent in this place as a percentage of turns spent in this place.
 D = Turns resting spent in this place as a percentage of non-inter-level travel turns spent in this place.
 E = Turns spent auto-exploring this place as a percentage of non-inter-level travel turns spent in this place.
 F = Non-inter-level travel turns spent in this place divided by the number of levels of this place that you've seen.
                   A       B       C       D       E      F
               +-------+-------+-------+-------+-------+----------------------
         Total | 100.0 | 100.0 |   2.7 |   0.0 |   0.0 | 306.8
       Dungeon | 100.0 | 100.0 |   2.7 |   0.0 |   0.0 | 306.8
               +-------+-------+-------+-------+-------+----------------------

Table legend:
 A = Kills in this place as a percentage of kills in entire the game.
 B = Kills by you in this place as a percentage of kills by you in the entire game.
 C = Kills by friends in this place as a percentage of kills by friends in the entire game.
 D = Other kills in this place as a percentage of other kills in the entire game.
 E = Experience gained in this place as a percentage of experience gained in the entire game.
 F = Experience gained in this place divided by the number of levels of this place that you have seen.
                   A       B       C       D       E      F
               +-------+-------+-------+-------+-------+----------------------
         Total | 100.0 | 100.0 |   N/A |   N/A | 100.0 | 121.4
       Dungeon | 100.0 | 100.0 |   N/A |   N/A | 100.0 | 121.4
               +-------+-------+-------+-------+-------+----------------------

Vault maps used:
D:1:      lordsloth_arrival_two_stooges
D:2:      nicolae_qazlal_eye_of_the_storm, chequers_temple_overflow_minitemple,
          minmay_misc_feat_five, uniq_jessica
D:3:      nicolae_tso_swordbearing_angel, chequers_ecumenical_altar_twisty,
          dk_vineyard_2
D:4:      first_ration
D:5:      cheibrodos_quashed, serial_shops, nicolae_shop_behind_doors,
          uniq_grinder, uniq_blork_the_orc, uniq_pikel
D:7:      bloody_trog, minmay_temple_entry_statues_fountains, serial_shops,
          nicolae_shop_crystal, the_bakery, uniq_prince_ribbit1
D:8:      due_lair_maze_entry_diamond, serial_shops, shop, shop_fountains, shop
